Map: Simulacrum LE

Players

Raptor

  • Race: Zerg Zerg
  • League: Diamond
  • Spawn Location: 5:00

FLOVIDXIX - Winner!

  • Race: Protoss Protoss
  • League: Master
  • Spawn Location: 11:00

VOD

Have the link to the VOD?

Description

Time

  • Played on: May 9, 2020, 1:19 p.m.
  • Length: 20:03
Show
View Real Time Build Order
Export as new Build Order

Raptor Zerg 

Build Orders: Pool First 

Get SALT Encoding   

  12  0:01  Drone  
  13  0:12  Overlord  
  13  0:17  Drone  
  14  0:30  Drone x2  
  14  0:34  Drone  
  17  0:48  Drone  
  17  0:49  Spawning Pool  
  17  0:52  Extractor  
  17  0:56  Drone  
  17  1:11  Drone  
  18  1:20  Drone  
  19  1:49  Zergling x4  
  21  1:58  Drone  
  22  2:02  Overlord  
  22  2:20  Queen  
  24  2:29  Hatchery  
  23  2:31  Drone  
  23  2:32  Drone  
  25  2:38  Drone  
  26  2:48  Roach Warren  
  25  3:08  Metabolic Boost  
  25  3:12  Hatchery  
  24  3:21  Overlord  
  24  3:26  Overlord  
  24  3:28  Roach  
  24  3:30  Roach  
  24  3:31  Roach  
  30  3:41  Roach x2  
  34  3:50  Roach  
  34  3:52  Roach  
  38  3:57  Roach  
  40  4:07  Roach x2  
  44  4:12  Roach  
  48  4:24  Roach x2  
  50  4:31  Drone x2  
  52  4:43  Overlord  
  52  4:52  Roach  
  52  5:02  Spine Crawler  
  52  5:04  Queen  
  53  5:10  Roach  
  53  5:11  Roach x2  
  57  5:24  Roach  
  57  5:25  Roach  
  57  5:33  Roach  
  57  5:34  Roach  
  57  5:47  Zergling x4  
  57  5:48  Zergling x8  
  57  5:55  Zergling x4  
  49  6:06  Zergling x4  
  51  6:14  Spore Crawler  
  50  6:19  Spore Crawler  
  50  6:23  Spore Crawler  
  50  6:24  Spore Crawler, Zergling x2  
  50  6:25  Zergling x4  
  50  6:27  Drone  
  50  6:28  Drone  
  52  6:33  Drone x2  
  44  7:02  Roach  
  44  7:03  Roach x2  
  44  7:08  Zergling x12  
  41  7:28  Roach x4  
  45  7:30  Drone  
  45  7:31  Drone  
  47  7:38  Drone  
  47  7:41  Drone  
  49  7:45  Drone  
  50  7:51  Drone  
  50  7:54  Drone  
  52  8:01  Overlord  
  52  8:03  Lair  
  52  8:18  Hatchery  
  52  8:19  Drone x2  
  54  8:20  Drone  
  54  8:22  Drone  
  55  8:28  Drone x3  
  55  8:33  Drone x2  
  60  8:50  Spine Crawler  
  60  8:53  Drone  
  60  8:57  Extractor  
  60  8:59  Evolution Chamber, Drone x2  
  60  9:02  Evolution Chamber  
  58  9:15  Zergling x8  
  60  9:19  Queen  
  60  9:21  Overlord x2  
  60  9:23  Queen  
  60  9:26  Hydralisk Den  
  60  9:28  Drone  
  60  9:29  Drone  
  59  9:33  Drone  
  60  9:47  Spore Crawler  
  60  9:49  Drone  
  62  9:54  Hydralisk, Queen  
  62  9:55  Hydralisk  
  62  9:56  Hydralisk  
  70  10:03  Overlord  
  70  10:04  Overlord x2  
  68  10:24  Hydralisk x5  
  78  10:40  Drone, Extractor  
  78  10:41  Drone x2  
  78  10:42  Extractor  
  79  10:43  Drone x3  
  79  10:45  Drone  
  79  10:48  Extractor  
  82  10:56  Hydralisk x2  
  86  11:11  Hatchery  
  86  11:15  Muscular Augments  
  86  11:16  Zergling x2  
  86  11:17  Zergling x6  
  89  11:31  Hydralisk x2  
  90  11:33  Overlord  
  90  11:35  Overlord  
  90  11:49  Hatchery  
  90  11:51  Hydralisk x3  
  93  11:59  Hydralisk x2  
  92  12:27  Hydralisk  
  92  12:28  Hydralisk x5  
  98  12:41  Grooved Spines  
  98  12:42  Zerg Missile Weapons Level 1  
  98  12:45  Hydralisk x2  
  101  13:07  Hydralisk x5  
  107  13:17  Hydralisk  
  107  13:18  Hydralisk  
  56  13:56  Hydralisk  
  56  13:57  Hydralisk x5  
  62  14:18  Hydralisk  
  62  14:19  Hydralisk  
  62  14:21  Zergling x10  
  63  14:34  Drone  
  63  14:35  Drone x2  
  62  14:43  Zerg Ground Armor Level 1  
  62  14:47  Drone x2  
  62  14:48  Drone  
  62  14:52  Drone  
  66  14:55  Drone  
  67  15:01  Glial Reconstitution  
  67  15:06  Drone x2  
  69  15:08  Drone  
  70  15:15  Drone x2  
  71  15:26  Hydralisk x2  
  74  15:28  Hydralisk  
  72  15:36  Hydralisk  
  72  15:38  Zergling x2  
  72  15:39  Zergling x2  
  72  15:58  Zergling x18  
  81  16:06  Drone x2  
  81  16:07  Drone x2  
  76  16:36  Hydralisk x5, Drone  
  81  16:42  Zergling x2  
  81  16:43  Zergling x8  
  81  16:44  Zergling x2  
  73  16:55  Zergling x4  
  73  16:56  Zergling x6  
  74  17:03  Zergling x8  
  74  17:04  Zergling x2  
  70  17:17  Zergling x2  
  70  17:18  Zergling x10  
  73  17:25  Zergling x2  
  74  17:30  Hydralisk, Zergling x2  
  76  17:37  Spore Crawler  
  70  17:45  Hydralisk  
  70  17:46  Hydralisk x2  
  70  17:48  Zergling x2  
  70  17:49  Zergling x4  
  78  18:00  Drone x3  
  78  18:05  Hydralisk  
  81  18:07  Zergling x2  
  81  18:08  Zergling x6  
  81  18:12  Hatchery  
  74  18:21  Hydralisk  
  74  18:24  Zergling x2  
  74  18:26  Zergling x8  
  74  18:27  Zergling x2  
  79  18:35  Spine Crawler  
  79  18:36  Extractor  
  79  18:37  Extractor  
  79  18:38  Spine Crawler  
  79  18:39  Extractor  
  79  18:40  Queen, Extractor  
  75  18:43  Zergling x2  
  75  18:44  Zergling x6  
  75  18:51  Zergling x8  
  59  19:02  Hydralisk  
  59  19:03  Hydralisk  
  59  19:05  Zergling x8  
  61  19:16  Zergling x2  
  59  19:17  Zergling x10  
  59  19:18  Zergling x2  
Show
View Real Time Build Order
Export as new Build Order

FLOVIDXIX Protoss - Winner!

Build Orders:  

Get SALT Encoding   

  12  0:01  Probe  
  13  0:13  Probe  
  14  0:25  Pylon, Probe (Chrono Boost)  
  15  0:42  Probe (Chrono Boost)  
  15  0:48  Forge  
  16  0:52  Gateway  
  16  1:00  Pylon  
  16  1:12  Assimilator  
  16  1:17  Probe (Chrono Boost)  
  17  1:25  Gateway  
  17  1:27  Probe (Chrono Boost)  
  18  1:49  Photon Cannon  
  18  1:52  Pylon  
  18  1:56  Probe  
  19  2:03  Pylon  
  19  2:15  Probe  
  20  2:19  Assimilator  
  20  2:21  Assimilator  
  20  2:27  Probe  
  21  2:34  Pylon  
  20  2:41  Pylon  
  20  2:42  Probe  
  21  2:46  Zealot  
  23  2:54  Probe  
  23  2:57  Cybernetics Core  
  24  3:01  Photon Cannon  
  24  3:13  Probe (Chrono Boost)  
  25  3:20  Photon Cannon  
  25  3:22  Probe (Chrono Boost)  
  25  3:26  Photon Cannon  
  26  3:41  Pylon  
  26  3:55  Probe  
  26  4:00  Stargate  
  27  4:14  Stalker  
  29  4:21  Photon Cannon  
  29  4:23  Shield Battery  
  29  4:40  Photon Cannon  
  29  4:54  Void Ray (Chrono Boost)  
  29  4:59  Shield Battery  
  31  5:38  Pylon  
  28  5:57  Pylon  
  28  6:02  Probe (Chrono Boost)  
  29  6:11  Probe (Chrono Boost)  
  30  6:12  Void Ray (Chrono Boost)  
  30  6:18  Nexus  
  34  6:37  Pylon  
  32  6:48  Photon Cannon, Void Ray  
  36  7:13  Photon Cannon  
  35  7:24  Probe  
  35  7:36  Photon Cannon  
  35  7:42  Probe  
  36  7:48  Pylon  
  36  7:57  Photon Cannon  
  36  7:59  Probe  
  36  8:01  Probe  
  38  8:11  Probe  
  39  8:15  Void Ray (Chrono Boost)  
  43  8:22  Probe  
  43  8:24  Probe  
  45  8:34  Probe  
  45  8:39  Assimilator  
  45  8:40  Probe  
  47  8:42  Assimilator  
  47  8:45  Warp Gate  
  47  8:49  Protoss Ground Weapons Level 1 (Chrono Boost)  
  47  8:58  Probe (Chrono Boost)  
  48  9:08  Probe (Chrono Boost)  
  49  9:13  Probe (Chrono Boost)  
  50  9:38  Probe  
  51  9:50  Probe  
  52  9:58  Gateway, Void Ray  
  52  9:59  Gateway  
  56  10:00  Gateway  
  56  10:02  Gateway  
  56  10:07  Gateway  
  52  10:40  Probe x2  
  54  10:49  Nexus  
  54  10:52  Twilight Council, Pylon, Probe  
  54  10:54  Pylon  
  55  10:58  Forge  
  55  10:59  Forge  
  55  11:02  Stalker, Pylon  
  55  11:03  Stalker  
  59  11:12  Probe  
  59  11:13  Probe  
  61  11:24  Probe  
  62  11:33  Photon Cannon  
  62  11:34  Photon Cannon  
  62  11:36  Photon Cannon  
  62  11:37  Photon Cannon  
  62  11:39  Blink  
  62  12:04  Stalker x2  
  62  12:07  Stalker x3  
  72  12:13  Stalker  
  72  12:27  Stalker  
  72  12:28  Stalker  
  74  12:38  Adept  
  74  12:39  Adept x2  
  79  13:09  Pylon  
  79  13:10  Pylon  
  77  13:23  Cybernetics Core  
  75  13:30  Zealot  
  75  13:31  Zealot x2  
  74  13:41  Zealot  
  54  14:05  Assimilator  
  54  14:06  Stalker x2  
  58  14:16  Stalker x2  
  58  14:34  Stalker x2  
  60  14:41  Stalker x2  
  64  14:46  Assimilator  
  64  14:59  Stalker x2  
  68  15:00  Gateway  
  68  15:02  Pylon  
  68  15:05  Stalker  
  70  15:12  Stalker  
  72  15:26  Stalker  
  72  15:27  Stalker  
  72  15:38  Sentry x2  
  76  15:52  Sentry x2  
  80  15:58  Sentry  
  82  16:07  Gateway  
  82  16:10  Gateway  
  80  16:22  Sentry x3  
  80  16:23  Sentry  
  72  16:46  Stalker x3  
  66  16:54  Stalker x2  
  64  17:03  Stalker  
  66  17:22  Stalker x6  
  70  17:47  Sentry  
  70  17:49  Sentry  
  70  17:50  Sentry x4  
  70  17:51  Sentry  
  84  18:00  Pylon  
  78  18:25  Sentry x2  
  78  18:26  Sentry x2  
  82  18:28  Sentry x2  
  86  18:35  Sentry  
  78  18:57  Stalker x3  
  72  19:04  Zealot  
  72  19:05  Sentry  
Tags
 
Add a new tag
Caveats
  • Supply blocks, unpowered buildings, or Contaminate may cause inaccurate times.
  • Supply counts are checked every 10 seconds.